 Dungeon Crawl Stone Soup version 0.30-a0-618-gd6c86c23d0 (webtiles) character file.

Game seed: 3687945073172271487

797 wormed the Ducker (level 7, 33/33 HPs)
             Began as a Felid Summoner on Jan 10, 2023.
             Was an Initiate of Gozag.
             Quit the game on level 8 of the Dungeon.
             The game lasted 00:28:43 (10165 turns).

wormed the Ducker (Felid Summoner)                 Turns: 10165, Time: 00:28:44

Health: 33/33      AC:  6    Str:  4    XL:     7   Next: 58%
Magic:  16/16      EV: 21    Int: 20    God:    Gozag
Gold:   1730       SH:  0    Dex: 17    Spells: 6/17 levels left
                                        Lives:  0   Deaths: 2

rFire   . . .      SeeInvis +    (weapon unavailable)
rCold   . . .      Faith    .    (shield unavailable)
rNeg    . . .      Spirit   .    (body armour unavailable)
rPois   .          Reflect  .    (helmet unavailable)
rElec   .          Harm     .    (cloak unavailable)
rCorr   .          Rampage  .    (gloves unavailable)
Will    +....                    (boots unavailable)
Stlth   ++                       (no amulet)
HPRegen 0.25/turn                f - +4 ring of protection
MPRegen 0.15/turn                g - ring of flight

@: flying, quick
A: very small, claws 1, fangs 3, see invisible, speed 1, shaggy fur 2, stealthy
paws, no weapons or thrown items, no armour, multi-lived
a: Renounce Religion, Potion Petition, Call Merchant, Bribe Branch


You were on level 8 of the Dungeon.
You worshipped Gozag.
Gozag was most pleased with you.
You visited 2 branches of the dungeon, and saw 9 of its levels.

You collected 1838 gold pieces.
You paid 108 gold pieces to Gozag.

Inventory:

Jewellery
 f - a +4 ring of protection (left paw)
 g - a ring of flight (right paw)
Wands
 d - a wand of roots (5)
 l - a wand of polymorph (13)
Scrolls
 b - 2 scrolls of identify
 c - 4 scrolls of fear
 h - 2 scrolls of teleportation
 i - 2 scrolls of amnesia
 o - 2 scrolls of magic mapping
Potions
 a - a potion of magic
 e - a potion of lignification
 j - a potion of mutation {unknown}
 k - 2 potions of curing {unknown}
 p - 2 potions of attraction
 r - a potion of brilliance


   Skills:
 + Level 5.0 Fighting
 + Level 7.2 Dodging
 - Level 2.6 Stealth
 + Level 5.5 Spellcasting
 - Level 5.0 Hexes
 + Level 7.0 Summonings
 * Level 5.5 Air Magic


You had 6 spell levels left.
You knew the following spells:

 Your Spells              Type           Power      Damage    Failure   Level
a - Summon Small Mammal   Summ           100%       N/A       1%          1
b - Call Canine Familiar  Summ           33%        N/A       1%          3
c - Summon Guardian Gole  Hex/Summ       29%        N/A       2%          3
d - Summon Lightning Spi  Summ/Air       30%        N/A       9%          4

Your spell library contained the following spells:

 Spells                   Type           Power      Damage    Failure   Level
 Call Imp                 Summ           33%        N/A       1%          2
 Sublimation of Blood     Necr           5%         N/A       17%         2
 Wereblood                Tmut           5%         N/A       17%         2
 Summon Ice Beast         Ice/Summ       19%        N/A       26%         4
 Frozen Ramparts          Ice            10%        1d2       32%         3
 Ice Form                 Ice/Tmut       5%         N/A       73%         4
 Summon Hydra             Summ           16%        N/A       99%         7


Dungeon Overview and Level Annotations

Branches:
Dungeon (8/15)             Temple (1/1) D:5
   Lair: D:8-11

Altars:
Ashenzari
Cheibriados
Dithmenos
Elyvilon
Fedhas
Gozag
Hepliaklqana
Kikubaaqudgha
Makhleb
Nemelex Xobeh
Okawaru
Qazlal
Ru
Sif Muna
Trog
Uskayaw
Vehumet
Wu Jian
Xom
Yredelemnul
Zin
The Shining One

Shops:
D:2 (

Annotations:
D:2 Robin


Innate Abilities, Weirdness & Mutations

You have sharp claws.
You have razor-sharp teeth.
You have supernaturally acute eyesight. (SInv)
You cover ground quickly. (Speed+)
You are covered in thick fur. (AC +2)
Your paws help you pounce on unaware monsters.
You are incapable of wielding weapons or throwing items.
You cannot wear armour.
You gain extra lives every three experience levels.


Message History

You now have 1730 gold pieces (gained 15).
Done exploring.
Done exploring.
Done exploring.
Done exploring.
There is a stone staircase leading down here.
You fly downwards.
There is a stone staircase leading up here.
A steam dragon comes into view.
The steam dragon hisses angrily.
A steam dragon is nearby!
A steam dragon is nearby!
A steam dragon is nearby!
Casting: Summon Small Mammal (safe; 1% risk of failure)
Confirm with . or Enter, or press ? or * to list all spells.
The spell is quite dangerous to miscast (9% risk of failure)!
Continue anyway?
An electric hum fills the air.
The steam dragon breathes steam at you. The ball of steam hits you!
The ball of steam hits your lightning spire.
Your lightning spire resists.
You hear a shout!
Your lightning spire shoots out a bolt of lightning at the steam dragon!
The bolt of electricity hits the steam dragon!
The steam dragon breathes steam at you. The ball of steam misses you.
The steam dragon misses you. x2
The steam dragon completely misses you. The steam dragon barely misses you.
The steam dragon misses you. The steam dragon claws you.
The steam dragon breathes steam at you. The ball of steam hits you!!
Ouch! That really hurt!
* * * LOW HITPOINT WARNING * * *
You are engulfed in a cloud of scalding steam.
You die...
The steam dragon bites you!
The steam dragon claws you but does no damage.
You are now level 7!
You rejoin the land of the living...
Are you sure you want to abandon this character and quit the game? (Confirm with "yes".)

##########
#..@.....#
#........#
#........#
#........####
............#
####+#####.#.#
#........8#
#######D###
#...ยง.#


There were no monsters in sight!

Vanquished Creatures
  A hound (D:4)
  3 orc wizards
  A shadow imp (D:7)
  An orc (D:3)
  2 goblins
  A ball python (D:2)
9 creatures vanquished.

Vanquished Creatures (collateral kills)
  A steam dragon (D:7)
  A yak (D:5)
  2 water moccasins
  A sky beast (D:7)
  An ogre (D:6)
  A centaur (D:7)
  2 phantoms (D:5)
  2 kobold brigands
  A necrophage (D:6)
  4 scorpions
  2 hounds
  A jelly (D:4)
  3 orc priests
  2 iguanas
  2 orc wizards
  2 gnolls (D:6)
  9 adders
  A shadow imp (D:7)
  3 white imps
  2 worms (D:2)
  A dart slug (D:5)
  17 orcs
  5 endoplasms
  3 giant cockroaches
  10 goblins
  8 hobgoblins
  5 quokkas
  8 ball pythons
  3 bats
  5 frilled lizards
  16 kobolds
  9 rats
  2 rat zombies (D:7)
135 creatures vanquished.

Vanquished Creatures (others)
  4 yaks (D:5)
  A sky beast (D:7)
  A black bear (D:7)
  An ogre (D:4)
  An iguana (D:5)
  2 orc wizards (D:6)
  A gnoll (D:6)
  An orc (D:4)
  2 fungi (D:2)
  2 plants (D:2)
16 creatures vanquished.

Grand Total: 160 creatures vanquished

Notes
Turn   | Place    | Note
-------+----------+-------------------------------------------
     0 | D:1      | wormed the Felid Summoner began the quest for the Orb.
     0 | D:1      | Reached XP level 1. HP: 7/7 MP: 4/4
   280 | D:1      | Reached XP level 2. HP: 11/11 MP: 3/6
  1505 | D:2      | Identified the +1 ring mail "Sevar" {rC+ Dex-3 Slay+6}
  1508 | D:2      | Found Seire's Weapon Shop.
  1612 | D:2      | Reached XP level 3. HP: 14/14 MP: 4/8
  1636 | D:2      | Learned a level 3 spell: Call Canine Familiar
  1784 | D:2      | Found a faded altar of an unknown god.
  2102 | D:2      | Noticed Robin
  2105 | D:2      | Reached XP level 4. HP: 18/18 MP: 6/9
  2124 | D:2      | Found a hide-covered altar of Uskayaw.
  2727 | D:3      | Identified the +7 broad axe "With Two Names" {drain, Int+4}
  2757 | D:3      | Reached skill level 1 in Hexes
  2878 | D:3      | Reached skill level 5 in Summonings
  3120 | D:3      | Found a shimmering altar of Xom.
  3485 | D:4      | Reached XP level 5. HP: 21/21 MP: 4/10
  3495 | D:4      | Reached skill level 1 in Fighting
  3672 | D:4      | Noticed an ogre
  3706 | D:3      | Learned a level 3 spell: Summon Guardian Golem
  4107 | D:4      | Gained mutation: You are covered in thick fur. (AC +2)
                  | [Felid growth]
  4107 | D:4      | Reached XP level 6. HP: 25/25 MP: 5/12
  5188 | D:4      | Identified a scroll of acquirement
  5188 | D:4      | Acquired a book of Blood
  5212 | D:5      | Entered Level 5 of the Dungeon
  5261 | D:5      | Found an opulent altar of Gozag.
  5479 | D:5      | Reached skill level 5 in Hexes
  5479 | D:5      | Reached XP level 7. HP: 30/30 MP: 10/13
  5617 | D:5      | Reached skill level 1 in Air Magic
  5682 | D:5      | Noticed a yak
  5685 | D:5      | Noticed a yak
  5686 | D:5      | Noticed a yak
  5686 | D:5      | Noticed a yak
  5688 | D:5      | Noticed a yak
  6056 | D:5      | Killed a yak
  6057 | D:5      | Reached skill level 5 in Dodging
  6057 | D:5      | Killed a yak
  6057 | D:5      | Killed a yak
  6058 | D:5      | Reached XP level 8. HP: 24/35 MP: 5/15
  6545 | D:5      | Found a stormy altar of Qazlal.
  6580 | D:5      | Found a staircase to the Ecumenical Temple.
  6643 | Temple   | Entered the Ecumenical Temple
  6824 | D:5      | Became a worshipper of Gozag Ym Sagoz the Greedy
  6906 | D:6      | Found a hide-covered altar of Uskayaw.
  6906 | D:6      | Found a radiant altar of Vehumet.
  7273 | D:6      | Reached skill level 5 in Spellcasting
  7416 | D:6      | Acquired 1070 gold pieces
  7511 | D:6      | Reached XP level 9. HP: 32/39 MP: 8/17
  7812 | D:6      | Found a white marble altar of Elyvilon.
  7812 | D:6      | Found a broken altar of Ashenzari.
  8179 | D:6      | Learned a level 4 spell: Summon Lightning Spire
  8374 | D:7      | Found a blossoming altar of Fedhas.
  8426 | D:7      | Reached skill level 5 in Air Magic
  9565 | D:7      | Found an ancient bone altar of Kikubaaqudgha.
  9767 | D:7      | Killed from afar by a steam dragon
  9768 | D:7      | Reached XP level 8. HP: -7/36 MP: 16/17
 10036 | D:7      | Reached skill level 5 in Fighting
 10164 | D:8      | Engulfed by a steam dragon's steam
 10165 | D:8      | Reached XP level 7. HP: 0/33 MP: 15/16
 10165 | D:8      | Quit the game

Illustrated notes

Levels and vault maps discovered:
D:1:      evilmike_arrival_home_sweet_home, layout_basic, item_on_display_a
D:2:      layout_loops_cross, shapermc_ecumenical_altar_mp_urbaneastern,
          basic_altar, serial_shops, nicolae_shop_bloodbath_and_beyond,
          minmay_crystal_room, uniq_robin
D:3:      layout_basic, mainiacjoe_overflow_alcove_1,
          chequers_serial_rivers_large_b
D:4:      layout_gridville, corexii_leaking_fountain
D:5:      cheibrodos_helix_gallery, layout_rooms,
          mainiacjoe_overflow_catwalk_spiral, minmay_temple_entry_statues
D:6:      layout_cave_pods, jmf_multi_god_temple,
          gammafunk_temple_overflow_wave, dreamdust_princess_bridge
D:7:      layout_loops_ring, lemuel_zombie_altar_kikubaaqudgha, fedhas_altar_4,
          minmay_misc_feat_ornament
D:8:      layout_basic, dpeg_lair_monsters, guppyfry_early_elven_hall,
          uniq_pikel, uniq_amaemon, uniq_maggie
Temple:   hellmonk_temple_forest_ring

Skill      XL: |  1  2  3  4  5  6  7  8  9 |
---------------+----------------------------+-----
Spellcasting   | 3 4 5 |  5.5
Hexes          | 2 3 5 |  5.0
Dodging        | 3 4 5 6 7 |  7.2
Summonings     | 5 6 7 |  7.0
Fighting       | 1 2 3 5 |  5.0
Air Magic      | 3 4 5 |  5.5
Stealth        | |  2.6

Action                   |  1- 3 |  4- 6 |  7- 9 || total
-------------------------+-------+-------+-------++-------
Melee: Unarmed           |    14 |    32 |    39 ||    85
       Bite              |       |     2 |     5 ||     7
       Punch             |       |     1 |       ||     1
 Cast: Summon Small Mamm |    67 |    22 |    32 ||   121
       Call Canine Famil |     8 |    27 |    58 ||    93
       Summon Guardian G |       |     3 |    30 ||    33
       Summon Lightning  |       |       |     6 ||     6
  Use: Scroll            |     1 |    13 |     4 ||    18
       Potion            |       |       |     2 ||     2
 Stab: Distracted        |       |     2 |       ||     2
Armor: Skin              |     7 |    13 |    28 ||    48
Dodge: Dodged            |    27 |    57 |   113 ||   197

Table legend: (Time is in decaauts)
 A = Elapsed time spent in this place.
 B = Non-inter-level travel time spent in this place.
 C = Inter-level travel time spent in this place.
 D = Time resting spent in this place.
 E = Time spent auto-exploring this place.
 F = Levels seen in this place.
 G = Mean time per level.
                   A        B        C        D        E       F      G
               +--------+--------+--------+--------+--------+-----+--------+
         Total |   9057 |   8789 |    268 |    250 |   6180 |   9 | 1006.3 |
       Dungeon |   8928 |   8675 |    253 |    250 |   6073 |   8 | 1116.0 |
        Temple |    129 |    115 |     14 |      0 |    106 |   1 |  129.0 |
               +--------+--------+--------+--------+--------+-----+--------+

Top non-repeatable levels by time:
     D:4: 1786 daAuts
     D:7: 1586 daAuts
     D:1: 1291 daAuts
     D:6: 1283 daAuts
     D:5: 1084 daAuts
     D:2: 1058 daAuts
     D:3: 724 daAuts
  Temple: 129 daAuts
     D:8: 112 daAuts
